 Dungeon Crawl Stone Soup version 0.18-a0-1225-g5d63bca (webtiles) character file.

162 abixa the Chopper (level 5, 0/42 HPs)
             Began as a Hill Orc Gladiator on Feb 3, 2016.
             Slain by an iguana (5 damage)
             ... on level 4 of the Dungeon.
             The game lasted 00:06:05 (1962 turns).

abixa the Chopper (Hill Orc Gladiator)              Turns: 1962, Time: 00:06:06

Health: 0/42       AC:  9    Str: 18    XL:     5   Next: 43%
Magic:  5/5        EV:  7    Int:  8    God:
Gold:   136        SH:  0    Dex: 12    Spells: 0 memorised, 4 levels left

rFire  . . .     SeeInvis .     a - +0 war axe
rCold  . . .     Gourm    .     j - +0 chain mail
rNeg   . . .     Faith    .     (no shield)
rPois  .         Spirit   .     c - +0 helmet
rElec  .         Dismiss  .     (no cloak)
rCorr  .         Reflect  .     (no gloves)
SustAt .         Harm     .     (no boots)
MR     .....                    (no amulet)
Stlth  ..........               (no ring)
                                (no ring)

@: not resistant to hostile enchantments, extremely unstealthy
A: no striking features
a: no special abilities


You were on level 4 of the Dungeon.
You were hungry.

You visited 1 branch of the dungeon, and saw 4 of its levels.

You collected 136 gold pieces.

Inventory:

Hand Weapons
 a - a +0 war axe (weapon)
Missiles
 d - 3 throwing nets (quivered)
 i - 195 stones
 t - 11 bolts
 u - 15 arrows
 y - 12 sling bullets
Armour
 c - a +0 helmet (worn)
 j - a +0 chain mail (worn)
Scrolls
 h - a scroll of amnesia {unknown}
 k - 2 scrolls of fog {unknown}
 m - 3 scrolls of remove curse {unknown}
 p - 4 scrolls of recharging {unknown}
 q - a scroll of magic mapping {unknown}
 w - a scroll of teleportation {unknown}
Potions
 e - 2 potions of flight {unknown}
 g - a potion of brilliance {unknown}
 n - a potion of mutation {unknown}
 o - a potion of poison {unknown}
 r - a potion of cancellation {unknown}
 v - a potion of resistance {unknown}
 x - 2 potions of haste {unknown}
Comestibles
 b - 2 meat rations
 f - a bread ration
 l - a beef jerky
 s - a slice of pizza


   Skills:
 - Level 2.4 Fighting
 + Level 7.8 Axes
 - Level 1.7 Throwing
 - Level 2.4 Dodging


You had 4 spell levels left.
You didn't know any spells.

Dungeon Overview and Level Annotations

Branches:
Dungeon (4/15)
 Temple: D:4-7

Altars:
Makhleb
Qazlal

Annotations:
D:3 Sigmund
D:4 Menkaure


Message History

The iguana is heavily wounded.
The iguana barely misses you.
You hit the iguana but do no damage.
The iguana is heavily wounded.
The iguana bites you!
You barely miss the iguana.
The iguana is heavily wounded.
The iguana bites you!
You are too injured to fight recklessly!
You completely miss the iguana.
The iguana is heavily wounded.
The iguana bites you.
You hit the iguana.
The iguana is severely wounded.
The iguana bites you!
* * * LOW HITPOINT WARNING * * *
You closely miss the iguana.
The iguana is severely wounded.
The iguana bites you.
You die...

.. .. . .# ### .. . .
#.[ ... ... #. #.# ..[
##..#.####### #.# #
............###.# #
.......@###.....## ###
.......l# #.#...<# #..
...$....# #.###.## #..
........# #..##.# #..
(.......# ##..#.######..
......... ##........#..
........................
....................#..#
...##............


You could see an iguana.

Vanquished Creatures
  Ijyb (D:3)
  Robin (D:3)
  2 adders
  4 oozes
  2 worms
  2 orcs (D:3)
  A bat (D:3)
  4 giant cockroaches
  22 goblins
  9 hobgoblins
  12 jackals
  A quokka (D:2)
  2 ball pythons
  7 giant newts
  3 kobolds
  4 rats
77 creatures vanquished.

Notes
Turn   | Place    | Note
--------------------------------------------------------------
     0 | D:1      | abixa the Hill Orc Gladiator began the quest for the Orb.
     0 | D:1      | Reached XP level 1. HP: 18/18 MP: 1/1
   122 | D:1      | Reached XP level 2. HP: 18/25 MP: 2/2
   220 | D:1      | Reached skill level 5 in Axes
   401 | D:2      | Found a stormy altar of Qazlal.
   453 | D:2      | Reached XP level 3. HP: 22/30 MP: 3/3
   885 | D:3      | Reached skill level 6 in Axes
   942 | D:3      | Reached XP level 4. HP: 33/37 MP: 4/4
   980 | D:3      | Noticed Robin
  1012 | D:3      | Killed Robin
  1152 | D:3      | Reached skill level 7 in Axes
  1234 | D:3      | Noticed Sigmund
  1241 | D:2      | Reached XP level 5. HP: 42/42 MP: 5/5
  1432 | D:3      | Noticed Ijyb
  1434 | D:3      | Found a burning altar of Makhleb.
  1441 | D:3      | Killed Ijyb
  1887 | D:4      | Noticed Menkaure
  1962 | D:4      | Slain by an iguana

Vault maps used:
D:1:      minmay_arrival_hallway, minmay_newt_pond
D:2:      nicolae_qazlal_general_emergency
D:3:      bloody_makhleb, uniq_sigmund, uniq_iyjb, uniq_robin
D:4:      kennysheep_mini_moat, old_standard_altar, nrook_loot_triangle,
          cheibriados_altar_1, uniq_menkaure

Action                   |  1- 3 |  4- 6 || total
-------------------------+-------+-------++-------
Melee: War axe           |   102 |   110 ||   212
  Eat: Chunk             |       |     3 ||     3
